 Dungeon Crawl Stone Soup version 0.23.2-40-g277498a001 (webtiles) character file.

Game seed: 16092079368771226616

55 Hylith the Sneak (level 3, 0/31 HPs)
             Began as a Gnoll Wanderer on Sept 24, 2019.
             Slain by a jackal (1 damage)
             ... on level 3 of the Dungeon.
             The game lasted 00:02:16 (1210 turns).

Hylith the Sneak (Gnoll Wanderer)                   Turns: 1210, Time: 00:02:17

Health: 0/31       AC:  9    Str: 14    XL:     3   Next: 93%
Magic:  4/4        EV:  7    Int: 12    God:
Gold:   160        SH:  0    Dex: 17    Spells: 4/4 levels left

rFire    . . .     SeeInvis .   a - +2 short sword
rCold    . . .     Gourm    .   (no shield)
rNeg     . . .     Faith    .   r - +0 chain mail
rPois    .         Spirit   .   (no helmet)
rElec    .         Reflect  .   (no cloak)
rCorr    .         Harm     .   (no gloves)
MR       .....     Rnd*Tele +   t - +0 pair of boots
Stlth    ..........             (no amulet)
HPRegen  0.10/turn              l - ring of teleportation (curse)
MPRegen  0.09/turn              g - ring of flight

@: no status effects
A: distributed training, fangs 1, strong nose
a: Evoke Flight


You were on level 3 of the Dungeon.
You were not hungry.

You visited 1 branch of the dungeon, and saw 3 of its levels.

You collected 160 gold pieces.

Inventory:

Hand Weapons
 a - a +2 short sword (weapon)
 b - a +0 quarterstaff
 e - a +0 dagger
Armour
 d - a +0 robe
 h - a +0 leather armour
 o - a +0 ring mail
 r - a +0 chain mail (worn)
 t - a +0 pair of boots (worn)
Jewellery
 g - a ring of flight (right hand)
 l - a cursed ring of teleportation (left hand)
Scrolls
 i - 2 scrolls of identify {unknown}
 j - a scroll of magic mapping {unknown}
 m - a scroll of teleportation {unknown}
 q - a scroll of enchant weapon {unknown}
Potions
 c - a potion of curing
 k - 2 potions of agility {unknown}
 p - 3 potions of invisibility {unknown}
 s - a potion of heal wounds {unknown}
 u - 3 potions of flight {unknown}
Comestibles
 f - 5 rations
 n - a chunk of flesh


   Skills:
 + Level 4.6 Fighting
 + Level 4.6 Short Blades
 + Level 1.0 Long Blades
 + Level 1.0 Axes
 + Level 1.0 Maces & Flails
 + Level 1.0 Polearms
 + Level 4.6 Staves
 + Level 1.0 Slings
 + Level 1.0 Bows
 + Level 1.0 Crossbows
 + Level 1.0 Throwing
 + Level 1.0 Armour
 + Level 2.6 Dodging
 + Level 6.0 Stealth
 + Level 1.0 Shields
 + Level 1.0 Unarmed Combat
 + Level 1.0 Spellcasting
 + Level 0.7 Conjurations
 + Level 0.7 Hexes
 + Level 0.7 Charms
 + Level 0.7 Summonings
 + Level 0.7 Necromancy
 + Level 0.7 Translocations
 + Level 0.7 Transmutations
 + Level 0.7 Fire Magic
 + Level 0.7 Ice Magic
 + Level 0.7 Air Magic
 + Level 0.7 Earth Magic
 + Level 0.7 Poison Magic
 + Level 1.0 Invocations
 + Level 1.0 Evocations


You had 4 spell levels left.
You didn't know any spells.
Your spell library was empty.

Dungeon Overview and Level Annotations

Branches:
Dungeon (3/15)

Altars:
Ashenzari
Cheibriados


Innate Abilities, Weirdness & Mutations

Your experience applies equally to all skills.
You have very sharp teeth.
Your uncanny sense of smell can sniff out nearby items.


Message History

You are too injured to fight recklessly!
You are too injured to fight recklessly!
You are too injured to fight recklessly!
You are too injured to fight recklessly!
You are too injured to fight recklessly!
You are too injured to fight recklessly!
You are too injured to fight recklessly!
You are too injured to fight recklessly!
You are too injured to fight recklessly!
You are too injured to fight recklessly!
You are too injured to fight recklessly!
You are too injured to fight recklessly!
You closely miss the orc warrior.
The jackal bites you but does no damage.
The orc hits you but does no damage.
The orc warrior hits you with a +0 dire flail.
* * * LOW HITPOINT WARNING * * *
The jackal bites you but does no damage.
You closely miss the orc warrior. The jackal bites you.
You die...

...# #..#
##..##
#....
###.rl#
..Kl. #oo#
#.@# #hh#
∆
#....h.h..
#.######.#
.. ###


You could see an orc warrior, an orc, a leopard gecko, 2 jackals, a kobold, a
frilled lizard and a rat.

Vanquished Creatures
  3 dart slugs (D:2)
  3 leopard geckos
  An orc (D:3)
  2 giant cockroaches (D:2)
  5 goblins
  3 hobgoblins
  6 jackals (D:2)
  5 bats
  2 frilled lizards (D:1)
  8 kobolds
  3 rats (D:1)
41 creatures vanquished.

Notes
Turn   | Place    | Note
-------+----------+-------------------------------------------
     0 | D:1      | Hylith the Gnoll Wanderer began the quest for the Orb.
     0 | D:1      | Hylith set off with the following items: a +2 short sword,
                  | a +0 quarterstaff, a potion of curing, a +0 robe, a +0
                  | dagger, a ration
     0 | D:1      | Reached XP level 1. HP: 20/20 MP: 1/1
   127 | D:1      | Reached XP level 2. HP: 22/26 MP: 2/2
   139 | D:1      | Found a shattered altar of Ashenzari.
   586 | D:2      | Reached XP level 3. HP: 31/31 MP: 3/3
   707 | D:2      | Found a snail-covered altar of Cheibriados.
   827 | D:2      | Reached skill level 6 in Stealth
   853 | D:2      | Reached skill level 1 in Invocations
   942 | D:2      | Found a snail-covered altar of Cheibriados.
   943 | D:2      | Found a shattered altar of Ashenzari.
  1072 | D:2      | Reached skill level 1 in Long Blades
  1072 | D:2      | Reached skill level 1 in Axes
  1072 | D:2      | Reached skill level 1 in Maces & Flails
  1072 | D:2      | Reached skill level 1 in Polearms
  1072 | D:2      | Reached skill level 1 in Slings
  1072 | D:2      | Reached skill level 1 in Bows
  1072 | D:2      | Reached skill level 1 in Crossbows
  1072 | D:2      | Reached skill level 1 in Throwing
  1072 | D:2      | Reached skill level 1 in Armour
  1072 | D:2      | Reached skill level 1 in Shields
  1072 | D:2      | Reached skill level 1 in Unarmed Combat
  1072 | D:2      | Reached skill level 1 in Spellcasting
  1072 | D:2      | Reached skill level 1 in Evocations
  1201 | D:3      | Noticed an orc warrior
  1209 | D:3      | HP: 1/31 [orc warrior/+0 dire flail (6)]
  1210 | D:3      | Slain by a jackal

Skill      XL: |  1  2  3 |
---------------+----------+-----
Stealth        | 6 |  6.0
Invocations    | 1 |  1.0
Long Blades    | 1 |  1.0
Axes           | 1 |  1.0
Maces & Flails | 1 |  1.0
Polearms       | 1 |  1.0
Slings         | 1 |  1.0
Bows           | 1 |  1.0
Crossbows      | 1 |  1.0
Throwing       | 1 |  1.0
Armour         | 1 |  1.0
Shields        | 1 |  1.0
Unarmed Combat | 1 |  1.0
Spellcasting   | 1 |  1.0
Evocations     | 1 |  1.0
Fighting       | |  4.6
Short Blades   | |  4.6
Staves         | |  4.6
Dodging        | |  2.6
Conjurations   | |  0.7
Hexes          | |  0.7
Charms         | |  0.7
Summonings     | |  0.7
Necromancy     | |  0.7
Translocations | |  0.7
Transmutations | |  0.7
Fire Magic     | |  0.7
Ice Magic      | |  0.7
Air Magic      | |  0.7
Earth Magic    | |  0.7
Poison Magic   | |  0.7

Action                   || total
-------------------------++-------
Melee: Short sword       ||   107
       Bite              ||     9
 Stab: Sleeping          ||     5
  Eat: Chunk             ||     1
Armor: Leather armour    ||    12
       Chain mail        ||    54
Dodge: Dodged            ||    57
